 Dungeon Crawl Stone Soup version 0.28.0-45-g0d030f2227 (webtiles) character file.

Game seed: 11459033931986580860

1248 cbfl8 the Carver (level 8, -13/70 HPs)
             Began as a Minotaur Delver on Apr 19, 2022.
             Mangled by an orc warrior
             ... wielding a +0 scimitar of distortion
              (17 damage)
             ... on level 6 of the Dungeon.
             The game lasted 00:11:20 (5322 turns).

cbfl8 the Carver (Minotaur Delver)                  Turns: 5322, Time: 00:11:21

Health: -13/70     AC: 14    Str: 18    XL:     8   Next: 26%
Magic:  7/7        EV:  6    Int:  7    God:
Gold:   68         SH:  0    Dex: 13    Spells: 7/7 levels left

rFire   . . .      SeeInvis .   r - +0 double sword
rCold   . . .      Faith    .   q - orb {light}
rNeg    . . .      Spirit   .   k - +0 plate armour
rPois   .          Reflect  .   (helmet restricted)
rElec   .          Harm     .   (no cloak)
rCorr   +          Rampage  .   (no gloves)
Will    .....                   p - +0 pair of boots
Stlth   ..........              (no amulet)
HPRegen 0.21/turn               o - ring of resist corrosion
MPRegen 0.10/turn               (no ring)

@: glowing
A: horns 2, retaliatory headbutt
a: no special abilities


You were on level 6 of the Dungeon.
You visited 1 branch of the dungeon, and saw 6 of its levels.
You also visited: Sewer.

You collected 210 gold pieces.
You spent 142 gold pieces at shops.

Inventory:

Hand Weapons
 a - a +0 hand axe
 r - a +0 double sword (weapon)
Missiles
 n - a throwing net (quivered)
Armour
 b - a +0 leather armour
 k - a +0 plate armour (worn)
 p - a +0 pair of boots (worn)
 q - an orb of light (worn)
Jewellery
 o - a ring of resist corrosion (left hand)
 t - a +4 ring of evasion
Wands
 g - a wand of digging (3)
 u - a wand of flame (9)
Scrolls
 c - 3 scrolls of fog
 e - 3 scrolls of blinking
 i - a scroll of teleportation
 j - 2 scrolls of enchant armour {unknown}
 l - 4 scrolls of enchant weapon
 s - a scroll of torment
 w - a scroll of fear
Potions
 d - a potion of heal wounds {unknown}
 f - 3 potions of haste
 h - 3 potions of flight
 m - a potion of curing
 v - a potion of magic {unknown}
 x - a potion of invisibility {unknown}


   Skills:
 + Level 5.7 Fighting
 + Level 8.0 Long Blades
 + Level 3.1 Axes
 + Level 6.1 Armour
 + Level 2.3 Dodging
 + Level 4.8 Stealth


You had 7 spell levels left.
You didn't know any spells.
Your spell library contained the following spells:

 Spells                   Type           Power      Damage    Failure   Level
 Foxfire                  Conj/Fire      0%         2x1d4     100%        1
 Slow                     Hex            0%         N/A       100%        1
 Confusing Touch          Hex            0%         N/A       100%        3
 Conjure Flame            Conj/Fire      0%         6-21      100%        3
 Inner Flame              Hex/Fire       0%         N/A       100%        3
 Vampiric Draining        Necr           0%         2d6       100%        3
 Flame Wave               Conj/Fire      0%         2d4       100%        4
 Simulacrum               Ice/Necr       0%         N/A       100%        6
 Statue Form              Tmut/Erth      0%         N/A       100%        6
 Lehudib's Crystal Spear  Conj/Erth      0%         10d2      100%        8


Dungeon Overview and Level Annotations

Branches:
Dungeon (6/15)              Sewer (visited)
 Temple: D:4-7

Altars:
Dithmenos
Hepliaklqana

Shops:
D:2 (   D:4 *   D:6 [

Annotations:
D:5 Pikel
D:6 2 transporters, AlmostDecent's ghost, novice FoFi


Innate Abilities, Weirdness & Mutations

You have a pair of horns on your head.
You reflexively headbutt those who attack you in melee.


Message History

You slash the orc priest!
You kill the orc priest!
The orc hits you but does no damage.
Your Long Blades skill increases to level 8!
Things that are here:
a +0 club; a +0 ring mail; an orc corpse You slice the orc!!
You kill the orc!
You slash the orc warrior!
The orc warrior is moderately wounded.
The orc warrior hits you but does no damage.
Space warps around you.
You hit the orc warrior but do no damage.
The orc warrior is moderately wounded.
The orc warrior hits you but does no damage.
Space warps around you.
You slice the orc warrior!! Your headbutt misses the orc warrior.
The orc warrior is almost dead.
The orc warrior hits you but does no damage.
Space warps around you.
You barely miss the orc warrior.
The orc warrior is almost dead.
The orc warrior closely misses you.
You hit the orc warrior but do no damage.
The orc warrior is almost dead.
The orc warrior hits you with a +0 scimitar of distortion!
Space warps horribly around you!!
* * * LOW HITPOINT WARNING * * *
You hit the orc warrior but do no damage.
Your headbutt misses the orc warrior.
The orc warrior is almost dead.
The orc warrior hits you but does no damage.
Space warps horribly around you!
* * * LOW HITPOINT WARNING * * *
You barely miss the orc warrior.
The orc warrior is almost dead.
The orc warrior hits you with a +0 scimitar of distortion.
* * * LOW HITPOINT WARNING * * *
Space warps horribly around you!
You die...

*,**#.....#....©....#..#
*,* #..#..#.#....!#.#..#
*,* #.....#..#...#..#..#
*,* #..#..#5W5.....©#..#
*,*##o..[.##8n....8##..#
*,,........#########....
****#..........©.......#
#.###...!...........
*#o@...####.####..>.
####### #.#**#.... *****
#......... *,,,*
####.##.## *,,,* #.*#...
*,,,* #,*#### **+**
*************,##### *,**
*,,,,,,,,,,,,,..... **,*
*,************##.##


You could see an orc warrior, a necrophage and a shadow imp.

Vanquished Creatures
  Grinder (D:6)
  A shadow (D:6)
  Pargi (Sewer)
  An orc warrior (D:6)
  A sky beast (D:6)
  A necrophage (D:5)
  A scorpion (D:5)
  A water moccasin skeleton (D:4)
  A centaur zombie (D:5)
  A bullfrog zombie (D:6)
  2 orc priests (D:6)
  4 iguanas
  Robin (D:3)
  A howler monkey skeleton (D:6)
  2 gnolls (D:4)
  7 adders
  An ufetubus (D:5)
  3 worms
  2 dart slugs
  3 orcs (D:6)
  3 ball pythons
  3 endoplasms
  6 giant cockroaches
  15 goblins
  12 hobgoblins
  7 jackals
  2 kobolds
  6 quokkas
  4 bats
  7 frilled lizards
  7 rats
108 creatures vanquished.

Notes
Turn   | Place    | Note
-------+----------+-------------------------------------------
     0 | D:5      | cbfl8 the Minotaur Delver began the quest for the Orb.
     0 | D:5      | Reached XP level 1. HP: 19/19 MP: 0/0
    77 | D:4      | Reached XP level 2. HP: 27/27 MP: 1/1
   583 | D:1      | Reached XP level 3. HP: 31/33 MP: 2/2
  1103 | D:2      | Reached skill level 1 in Armour
  1224 | D:2      | Found a faded altar of an unknown god.
  1436 | D:2      | Reached XP level 4. HP: 33/40 MP: 3/3
  1518 | D:2      | Found Abioh's Antique Weapon Shop.
  2085 | D:3      | Got the Tome of Stones and the Frostbite
  2265 | D:3      | Reached skill level 1 in Long Blades
  2381 | D:3      | Noticed Robin
  2627 | D:3      | Killed Robin
  3476 | D:4      | Found a shadowy altar of Dithmenos.
  3476 | D:4      | Noticed a shadow
  3478 | D:4      | Found a hazy altar of Hepliaklqana.
  3517 | D:4      | Reached skill level 2 in Long Blades
  3517 | D:4      | Reached XP level 5. HP: 15/47 MP: 4/4
  3866 | D:4      | Reached skill level 3 in Long Blades
  4073 | D:4      | Found Idelog's General Store.
  4095 | D:4      | Bought a scroll of blinking for 82 gold pieces
  4095 | D:4      | Bought a wand of flame (9) for 60 gold pieces
  4254 | D:5      | Noticed a necrophage
  4259 | D:5      | Killed a necrophage
  4260 | D:5      | Reached skill level 4 in Long Blades
  4260 | D:5      | Reached XP level 6. HP: 46/53 MP: 5/5
  4305 | D:5      | Reached skill level 5 in Long Blades
  4329 | D:5      | Noticed Pikel
  4331 | D:6      | Noticed a shadow
  4331 | D:6      | Found Efurihi's Antique Armour Shoppe.
  4346 | D:6      | Killed a shadow
  4347 | D:6      | Reached skill level 5 in Fighting
  4347 | D:6      | Reached XP level 7. HP: 27/61 MP: 6/6
  4571 | D:6      | Noticed Grinder
  4574 | D:6      | Paralysed by Grinder for 6 turns
  4581 | D:6      | Killed Grinder
  4582 | D:6      | Reached skill level 6 in Long Blades
  4582 | D:6      | Reached skill level 5 in Armour
  4583 | D:6      | Reached skill level 7 in Long Blades
  4788 | D:6      | Found a glowing drain.
  4792 | Sewer    | Entered a sewer
  4810 | Sewer    | Noticed Pargi
  4817 | Sewer    | Killed Pargi
  4818 | Sewer    | Reached XP level 8. HP: 63/69 MP: 7/7
  5290 | D:6      | Found a transporter.
  5294 | D:6      | Found a transporter.
  5294 | D:6      | Noticed AlmostDecent's ghost (novice FoFi)
  5294 | D:6      | Noticed a slime creature
  5314 | D:6      | Reached skill level 8 in Long Blades
  5322 | D:6      | Mangled by an orc warrior

Illustrated notes

Levels and vault maps discovered:
D:1:      lemuel_arrival_hallway, layout_loops_ring
D:2:      layout_rooms, serial_shops, shop, ebering_ecumenical_altar_webs,
          kennysheep_potato
D:3:      kennysheep_goblin_castle, layout_basic
D:4:      layout_gridville, riverfiend_overflow_shadow_ancestor, serial_shops,
          nicolae_diamond_shop, grunt_ministairs_7,
          hangedman_abyss_or_decor_jellyfish_corner
D:5:      layout_cave_pools, gammafunk_ghost_cemetery, fountainhead,
          uniq_edmund, uniq_pikel
D:6:      layout_loops_cross, gammafunk_ghost_arena, serial_shops, shop,
          gup_sewer_entry_spiral, uniq_crazy_yiuf_cottage, uniq_grinder

Skill      XL: |  1  2  3  4  5  6  7  8 |
---------------+-------------------------+-----
Axes           | 3 |  3.1
Armour         | 1 2 3 4 5 6 |  6.1
Fighting       | 4 5 |  5.7
Long Blades    | 2 4 5 7 8 |  8.0
Dodging        | |  2.3
Stealth        | |  4.8

Action                   |  1- 3 |  4- 6 |  7- 9 || total
-------------------------+-------+-------+-------++-------
Melee: Hand axe          |    50 |       |       ||    50
       Headbutt          |    15 |    26 |    13 ||    54
       Double sword      |     8 |   104 |    60 ||   172
       Punch             |     2 |       |       ||     2
  Use: Scroll            |       |     9 |     1 ||    10
       Potion            |       |     1 |       ||     1
 Stab: Sleeping          |     1 |       |       ||     1
Armor: Leather armour    |     1 |       |       ||     1
       Plate armour      |    70 |   142 |    43 ||   255
Dodge: Dodged            |    22 |    60 |    10 ||    92
